woodfighter, chaotic female human Barbarian -------- ---------- ----- ########*#################-......|###%#####-........| ---...-####### |......|# |........| |.....| ### # ##..<.....########%...I......# |..>..|##### ### # |......|# -|--.-----# |.....|## # ### |......|# ##### ## # |.....| ### # --------# # # # ------- #############[###############I#### ### ### # ### # # # # ### # ---------I # ### ### # ###|.......|# ############################ #.........# ## ### # --.-- |.......| #-------+-.----- ##....| --------- #|.............| |..%| #|.............| |...| #|.............| |...| %-.............| |...| --------------- |...| ----- woodfighter the Brigand Experience level: 11 Strength: 17 Dexterity: 19 Constitution: 19 Intelligence: 9 Wisdom: 8 Charisma: 7 Health: 0(127) Energy: 26(26) Def: 0 Gold: 0 Moves: 17106 Dungeon seed: G38MnACKBfK2rnPe Game ID: woodfighter_1444987987 Spells and supernatural/magical abilities: Name Level Category Fail Memory l - light 1 divination 92% 54% W - pray for help -- divine ? -- Your skills at the end: Miscellaneous Skills bare handed combat [Basic] Weapon Skills axe [Master] short sword [Basic] Spellcasting Skills Final Attributes: You were piously aligned. You were fire resistant. You were cold resistant. You were sleep resistant. You were shock resistant. You were poison resistant. You were telepathic. You were protected. You were fast. You were very lucky. Set was angry with you. You are dead. Vanquished creatures: 3 giant mimics an elf-lord a winter wolf 5 small mimics a xan a troll 2 large dogs 2 large cats a tiger a gargoyle a dwarf king 2 ochre jellies a chameleon a crocodile an elf mummy a python an ettin zombie 2 giant beetles a winter wolf cub a lynx 51 leprechauns a quivering blob 4 lizards 2 mumakil 2 giant spiders 2 scorpions 2 iron piercers a horse a vampire bat 3 gnome kings an orc mummy 4 dwarf mummies 6 brown puddings a rust monster 4 owlbears a yeti a gold golem 2 werewolves 5 Green-elves a chickatrice a dog 2 dingos 2 jaguars 4 dwarf lords 3 blue jellies 4 water nymphs a gray unicorn 2 dust vortices 3 ravens 2 plains centaurs 3 gnome mummies a snake 2 human zombies 2 Woodland-elves 7 soldier ants a fire ant 2 baby crocodiles 5 wood nymphs 11 Mordor orcs 7 Uruk-hai 12 orc shamans a rock mole 3 rock piercers 2 ponies a fog cloud 4 shriekers 2 violet fungi 14 gnome lords 3 gnomish wizards a kobold mummy 3 red naga hatchlings a golden naga hatchling a guardian naga hatchling 2 barrow wights 4 elf zombies a ghoul 2 straw golems 15 giant ants a little dog 3 floating eyes 3 kittens 19 dwarves 2 homunculi a kobold lord a kobold shaman 2 iguanas 10 hill orcs 8 rothes 2 centipedes 7 monkeys 2 wererats 7 killer bees 12 coyotes 4 gas spores 4 hobbits 2 acid blobs 4 large kobolds 15 geckos 3 hobgoblins 6 giant rats a cave spider 2 brown molds 3 yellow molds 5 green molds 4 red molds 63 gnomes 8 garter snakes 3 gnome zombies 14 jackals 3 foxes 5 kobolds 14 newts 9 goblins a sewer rat 15 grid bugs 4 bats 10 lichens 3 kobold zombies 547 creatures vanquished. Voluntary challenges: You used a wielded weapon 920 times, starting on turn 74. You read items or engraved 16 times, starting on turn 3353. You never genocided any monsters. You never polymorphed an object. You never changed form. You completed Sokoban on turn 12828, according to the rules. You used 1 wish, starting on turn 13768. You did not wish for any artifacts. You split 3 puddings, starting on turn 7806. You wrote Elbereth's name 4 times, starting on turn 6221. You never violated your personal moral code. Dungeon overview: The Dungeons of Doom: levels 1 to 10 Level 1 an altar to Set, a sink a long staircase Level 2 stairs to The Gnomish Mines Level 3 Level 4 Level 5 Level 6 many fountains Level 7 a fountain stairs to Sokoban Level 8 an altar to Set Level 9 <- You were here Level 10 The Gnomish Mines: levels 3 to 11 Level 3 stairs to The Dungeons of Doom Level 4 Level 5 many shops, a temple to Mitra, a magic chest, some fountains, a sink Level 6 Level 7 Level 8 Level 9 Level 10 Level 11 many altars to Moloch, some fountains Sokoban: levels 3 to 6 Level 3 a magic chest Level 4 Level 5 Level 6 a magic chest stairs to The Dungeons of Doom History has recorded: On T:1 you entered the Dungeons of Doom to retrieve the Amulet of Yendor! On T:203 you advanced to experience level 2. On T:396 you reached level 2 of The Dungeons of Doom. On T:646 you advanced to experience level 3. On T:799 you reached level 1 of The Gnomish Mines. On T:949 you reached level 3 of The Dungeons of Doom. On T:980 you advanced to experience level 4. On T:1044 you reached level 2 of The Gnomish Mines. On T:1210 you advanced to experience level 5. On T:1688 you advanced to experience level 6. On T:1814 you reached level 3 of The Gnomish Mines. On T:2411 you entered the Minetown temple On T:2506 you opened a magic chest. On T:2507 you opened a magic chest. On T:2780 you advanced to experience level 7. On T:2864 you reached level 4 of The Gnomish Mines. On T:3352 you opened a magic chest. On T:3629 you reached level 5 of The Gnomish Mines. On T:3898 you advanced to experience level 8. On T:4007 you reached level 6 of The Gnomish Mines. On T:4239 you reached level 7 of The Gnomish Mines. On T:5054 you opened a magic chest. On T:5087 you opened a magic chest. On T:5092 you opened a magic chest. On T:5260 you reached level 8 of The Gnomish Mines. On T:6143 you opened a magic chest. On T:6409 you advanced to experience level 9. On T:6466 you reached level 9 of The Gnomish Mines. On T:6466 you reached the bottom of the Mines. On T:7867 you opened a magic chest. On T:7870 you opened a magic chest. On T:7874 you opened a magic chest. On T:7875 you opened a magic chest. On T:7903 you opened a magic chest. On T:8159 you reached level 4 of The Dungeons of Doom. On T:8548 you reached level 5 of The Dungeons of Doom. On T:8813 you reached level 6 of The Dungeons of Doom. On T:9454 you reached level 7 of The Dungeons of Doom. On T:9655 you reached level 8 of The Dungeons of Doom. On T:9839 you reached level 4 of Sokoban. On T:10186 you opened a magic chest. On T:10187 you opened a magic chest. On T:10411 you reached level 3 of Sokoban. On T:11089 you advanced to experience level 10. On T:11155 you reached level 2 of Sokoban. On T:11867 you reached level 1 of Sokoban. On T:12828 you advanced to experience level 11. On T:12828 you entered the Sokoban zoo. On T:12990 you opened a magic chest. On T:12991 you opened a magic chest. On T:12992 you opened a magic chest. On T:12992 you opened a magic chest. On T:13768 you wished for "blessed greased fixed +3 grey dragon scale mail". On T:14105 you opened a magic chest. On T:14379 you reached level 9 of The Dungeons of Doom. On T:14486 you reached level 10 of The Dungeons of Doom. On T:16021 you opened a magic chest. On T:16023 you opened a magic chest. On T:16066 you opened a magic chest. On T:16069 you opened a magic chest. On T:16070 you opened a magic chest. On T:16338 you opened a magic chest. On T:16340 you opened a magic chest. On T:16400 you opened a magic chest. On T:16403 you opened a magic chest. On T:16404 you opened a magic chest. On T:16404 you opened a magic chest. On T:16422 you opened a magic chest. On T:16424 you opened a magic chest. On T:16428 you opened a magic chest. Score breakdown: Gold: 0 ( 0 points) Experience: 11 levels ( 1000 points) Exploration: 11 levels ( 300 points) Discoveries: 28 items ( 1400 points) Variety of kills: 118 monsters ( 2000 points) Major goal: Sokoban/Mines ( 1500 points) Survival: died (score multiplied by 3) Total score: 18600 Latest messages: You faint from lack of food. The bolt of fire hits you! You don't feel hot! The bolt of fire hits you! You don't feel hot! Something stole a blessed lamp called oil (0:1025). Something stole an uncursed wand of magic missile. The magic missile hits you! (2x) Something stole an uncursed wand of teleportation. Something stole an uncursed stone called touchstone. Somebody tries to rob you, but finds nothing to steal. You come to. The island nymph zaps a wand of magic missile! The magic missile whizzes by you! The magic missile bounces! You hear a blast. The island nymph zaps a wand of magic missile! The magic missile hits you! The magic missile bounces! You hear a blast. The island nymph zaps a wand of magic missile! The magic missile whizzes by you! The magic missile bounces! You have a sad feeling for a moment, then it passes. You faint from lack of food. Something touches you! (10x) You die... Not carrying anything. Final status: Goodbye woodfighter the Barbarian, killed by a gelatinous cube, while fainted from lack of food... You died in The Dungeons of Doom on dungeon level 9 with 18600 points, and 0 pieces of gold, after 17106 moves. You were level 11 with a maximum of 127 hit points when you died.